Map: Nightshade LE

Players

Maru

  • Race: Terran Terran
  • Spawn Location: 11:00

Trap - Winner!

  • Race: Protoss Protoss
  • Spawn Location: 5:00

Event: IEM Katowice 2020

VOD

Have the link to the VOD?

Description

Time

  • Played on: Feb. 28, 2020, 5:33 a.m.
  • Length: 10:19

All games in this series

Show
View Real Time Build Order
Export as new Build Order

Maru Terran 

Build Orders: Reaper Expand 

Get SALT Encoding   

  12  0:00  SCV  
  13  0:12  SCV  
  14  0:17  Supply Depot  
  14  0:24  SCV  
  15  0:38  SCV  
  15  0:40  Barracks  
  16  0:42  Refinery  
  16  0:50  SCV  
  17  1:03  SCV  
  18  1:15  SCV  
  19  1:27  Orbital Command, Reaper  
  20  1:44  Command Center  
  20  1:50  Supply Depot  
  20  1:52  SCV  
  21  1:59  Marine  
  22  2:04  SCV  
  22  2:07  Factory  
  23  2:13  Refinery  
  23  2:16  SCV  
  23  2:20  Barracks Reactor  
  24  2:28  SCV, Barracks  
  25  2:41  SCV  
  26  2:50  Factory Tech Lab  
  26  2:53  SCV  
  26  2:57  Orbital Command  
  26  2:58  Marine x2  
  29  3:05  SCV  
  30  3:09  Cyclone  
  33  3:15  Marine, Barracks Tech Lab  
  33  3:16  Marine  
  33  3:17  SCV  
  36  3:28  SCV  
  36  3:29  SCV  
  36  3:30  Supply Depot  
  38  3:34  Marine  
  38  3:35  Marine  
  38  3:40  SCV, Combat Shield  
  41  3:44  Siege Tank  
  44  3:51  Marauder  
  44  3:53  SCV  
  47  3:56  Supply Depot  
  47  3:58  Marine x2  
  49  4:03  SCV  
  49  4:05  SCV  
  52  4:17  Marine x2, Marauder  
  52  4:18  Supply Depot  
  52  4:23  Siege Tank  
  57  4:33  SCV x2  
  57  4:35  Marine x2  
  61  4:40  Marauder  
  61  4:41  Supply Depot  
  61  4:45  SCV x2  
  65  4:52  Supply Depot  
  65  4:54  Marine  
  65  4:57  SCV x2  
  68  5:01  Marauder  
  68  5:06  Concussive Shells  
  70  5:07  Siege Tank  
  70  5:09  SCV x2  
  75  5:16  Marine  
  70  5:21  SCV x2  
  70  5:22  Marauder  
  74  5:33  SCV x2, Command Center  
  72  5:45  SCV x2, Marauder  
  71  5:56  Stimpack  
  64  5:57  SCV  
  64  5:58  SCV  
  64  5:59  Refinery, Engineering Bay  
  64  6:00  Marine x2, Refinery, Engineering Bay  
  63  6:06  Marauder  
  63  6:10  SCV x2  
  62  6:11  Starport  
  62  6:13  Barracks  
  62  6:16  Factory Reactor  
  62  6:17  Bunker  
  62  6:20  Marine x2  
  62  6:22  SCV x2  
  66  6:28  Terran Infantry Weapons Level 1  
  66  6:30  Marauder  
  66  6:32  Terran Infantry Armor Level 1  
  68  6:34  SCV  
  68  6:35  Barracks  
  68  6:38  Marine x2, SCV  
  68  6:39  Barracks  
  72  6:45  Orbital Command  
  72  6:46  SCV  
  73  6:50  SCV  
  73  6:52  Marauder  
  76  6:56  Marine x2, Medivac  
  76  6:57  Medivac  
  76  6:59  Factory Reactor, Supply Depot  
  82  7:02  Marauder  
  84  7:09  Orbital Command  
  84  7:11  Missile Turret  
  84  7:13  Marine, Marauder  
  84  7:14  Marine  
  88  7:18  SCV x2  
  88  7:22  Supply Depot  
  90  7:23  Barracks Reactor, Marauder  
  90  7:29  Medivac  
  94  7:30  SCV  
  94  7:31  Marine  
  94  7:32  SCV  
  94  7:35  Marauder  
  94  7:36  Widow Mine x2, Barracks Tech Lab  
  103  7:38  SCV  
  103  7:39  Supply Depot x2  
  103  7:42  SCV  
  103  7:43  Missile Turret  
  105  7:44  SCV  
  105  7:45  Marine, Medivac  
  105  7:46  Marauder  
  111  7:51  Marine  
  111  7:52  SCV  
  111  7:56  Marauder  
  114  7:59  SCV x2, Viking  
  114  8:03  Marine  
  117  8:08  SCV, Supply Depot  
  117  8:11  SCV x2  
  120  8:13  Marine x3, Widow Mine x2  
  120  8:18  Marine x2  
  120  8:19  Marauder  
  130  8:22  Marine  
  106  8:36  Marine x3, Orbital Command  
  106  8:37  Marauder x2  
  106  8:40  Marauder  
  107  8:42  Marine  
  107  8:44  Orbital Command  
  83  8:54  Marine  
  64  9:16  Marine  
  64  9:17  Marauder  
  67  9:22  Marine  
  67  9:23  Marine  
  67  9:24  Marine  
  67  9:29  Medivac  
  65  9:33  Medivac  
  66  9:40  Marine  
  66  9:41  Marauder  
  67  9:45  Marine  
  67  9:46  Marine  
  67  9:48  Marine  
  68  9:53  Marine x2  
  68  9:58  Marine  
Show
View Real Time Build Order
Export as new Build Order

Trap Protoss - Winner!

Build Orders: 1 Gate Expand, Archon Immortal, Blink Stalkers 

Get SALT Encoding   

  12  0:00  Probe  
  13  0:12  Probe  
  14  0:17  Pylon  
  14  0:24  Probe (Chrono Boost)  
  15  0:37  Probe (Chrono Boost), Gateway  
  16  0:45  Probe (Chrono Boost)  
  16  0:46  Assimilator  
  17  0:51  Probe  
  18  1:03  Probe  
  19  1:15  Probe  
  20  1:24  Cybernetics Core  
  20  1:33  Nexus  
  20  1:40  Pylon  
  20  1:42  Probe  
  21  1:48  Assimilator  
  21  1:54  Probe  
  21  1:57  Adept (Chrono Boost)  
  21  2:01  Warp Gate  
  24  2:06  Probe (Chrono Boost)  
  26  2:17  Probe (Chrono Boost)  
  26  2:20  Stalker  
  26  2:22  Probe (Chrono Boost)  
  29  2:31  Twilight Council  
  29  2:33  Probe (Chrono Boost)  
  30  2:45  Probe (Chrono Boost)  
  34  2:51  Probe (Chrono Boost)  
  34  2:54  Probe (Chrono Boost), Pylon  
  34  2:58  Probe (Chrono Boost), Stalker  
  36  2:59  Probe  
  37  3:08  Blink (Chrono Boost)  
  37  3:10  Probe  
  37  3:12  Probe  
  38  3:22  Probe  
  38  3:24  Probe  
  40  3:30  Gateway  
  40  3:34  Probe  
  41  3:36  Probe  
  41  3:39  Robotics Facility  
  42  3:46  Probe  
  43  3:49  Probe  
  43  3:51  Sentry  
  43  3:53  Assimilator  
  43  3:54  Pylon  
  44  3:58  Probe  
  44  4:01  Probe, Pylon  
  46  4:07  Phoenix  
  46  4:10  Probe  
  46  4:13  Probe  
  47  4:17  Stalker  
  47  4:22  Probe, Pylon  
  50  4:25  Nexus, Stalker  
  50  4:31  Probe  
  52  4:34  Probe  
  53  4:39  Pylon  
  53  4:42  Stalker, Observer  
  53  4:44  Probe  
  57  4:46  Probe (Chrono Boost)  
  57  4:50  Stalker  
  60  4:56  Probe (Chrono Boost)  
  60  4:59  Probe (Chrono Boost)  
  62  5:01  Charge  
  62  5:05  Immortal (Chrono Boost)  
  68  5:10  Stalker  
  68  5:20  Stalker  
  68  5:23  Gateway  
  68  5:27  Shield Battery  
  68  5:29  Shield Battery  
  68  5:31  Pylon  
  68  5:35  Immortal (Chrono Boost)  
  68  5:36  Stalker  
  74  5:47  Stalker  
  73  5:50  Probe (Chrono Boost)  
  73  5:53  Probe (Chrono Boost)  
  73  5:55  Probe (Chrono Boost)  
  67  6:02  Probe (Chrono Boost)  
  70  6:05  Probe (Chrono Boost)  
  70  6:06  Probe (Chrono Boost)  
  70  6:07  Probe (Chrono Boost)  
  70  6:10  Probe (Chrono Boost)  
  70  6:14  Probe, Gateway  
  70  6:16  Probe  
  70  6:17  Gateway  
  73  6:21  Gateway  
  73  6:22  Probe  
  75  6:26  Probe, Warp Prism (Chrono Boost)  
  75  6:28  Probe  
  78  6:34  Probe, Templar Archives  
  78  6:37  Sentry, Zealot  
  78  6:39  Sentry  
  85  6:44  Gateway  
  85  6:49  Gateway  
  85  6:50  Pylon  
  85  6:54  Immortal (Chrono Boost)  
  85  7:00  Probe x3  
  92  7:01  Pylon  
  92  7:06  Assimilator  
  92  7:08  Assimilator  
  92  7:10  Observer  
  92  7:12  Probe x3  
  95  7:20  Pylon  
  95  7:21  Zealot x4  
  103  7:27  Probe x3  
  103  7:28  High Templar  
  103  7:29  High Templar  
  110  7:31  Warp Prism (Chrono Boost)  
  110  7:33  Archon  
  112  7:39  Pylon  
  112  7:41  Pylon  
  112  7:46  Zealot x4  
  112  7:50  Observer  
  112  7:51  High Templar x2  
  124  7:55  Archon  
  124  7:56  Pylon  
  124  7:57  Pylon  
  120  8:13  Observer  
  120  8:19  Zealot x6  
  110  8:42  Zealot x5  
  110  8:43  Sentry x2, Zealot  
  108  8:51  Immortal (Chrono Boost)  
  90  8:59  Forge  
  90  9:02  High Templar x2  
  86  9:03  High Templar x2, Zealot x2, Shield Battery  
  86  9:04  Shield Battery  
  86  9:05  Shield Battery  
  86  9:07  Archon x2, Zealot  
  86  9:08  Zealot  
  100  9:22  Stalker x2  
  100  9:23  Immortal (Chrono Boost), Stalker x2  
  108  9:37  Zealot  
  108  9:38  Zealot x3  
  106  9:49  Zealot x4  
  112  9:58  Zealot x4  
  110  10:10  Stalker x4  

Tags
 
Add a new tag
Caveats
  • Supply blocks, unpowered buildings, or Contaminate may cause inaccurate times.
  • Supply counts are checked every 10 seconds.